 Dungeon Crawl Stone Soup version 0.24.0-123-gd5b16e6ec5 (webtiles) character file.

Game seed: 9698277668118656864, levelgen mode: deterministic

100 FishyPogo the Shield-Bearer (level 4, 0/41 HPs)
             Began as a Minotaur Fighter on Dec 31, 2019.
             Slain by a goblin
             ... wielding a cursed -2 club
             ... led by Robin
              (1 damage)
             ... on level 2 of the Dungeon.
             The game lasted 00:01:30 (521 turns).

FishyPogo the Shield-Bearer (Minotaur Fighter)       Turns: 521, Time: 00:01:30

Health: 0/41       AC:  7    Str: 21    XL:     4   Next: 46%
Magic:  3/3        EV:  7    Int:  5    God:
Gold:   34         SH:  9    Dex: 10    Spells: 3/3 levels left

rFire    . . .     SeeInvis .   a - +0 flail
rCold    . . .     Gourm    .   c - +0 shield
rNeg     . . .     Faith    .   b - +0 scale mail
rPois    .         Spirit   .   (helmet restricted)
rElec    .         Reflect  .   (no cloak)
rCorr    .         Harm     .   (no gloves)
MR       .....     Rnd*Tele +   (no boots)
Stlth    ..........             (no amulet)
HPRegen  0.13/turn              g - ring of teleportation (curse)
MPRegen  0.08/turn              (no ring)

@: no status effects
A: retaliatory headbutt, horns 2
a: no special abilities


You were on level 2 of the Dungeon.
You were not hungry.

You visited 1 branch of the dungeon, and saw 2 of its levels.

You collected 34 gold pieces.

Inventory:

Hand Weapons
 a - a +0 flail (weapon)
Missiles
 e - 6 poisoned darts (quivered)
 i - 5 stones
Armour
 b - a +0 scale mail (worn)
 c - a +0 shield (worn)
Jewellery
 g - a cursed ring of teleportation (left hand)
Scrolls
 k - 2 scrolls of fear {unknown}
 l - a scroll of identify {unknown}
Potions
 d - a potion of might
 j - a potion of berserk rage {unknown}
Comestibles
 f - 2 rations
 h - 4 chunks of flesh


   Skills:
 * Level 4.7 Fighting
 + Level 3.1 Maces & Flails
 + Level 4.1 Armour
 * Level 4.8 Shields


You had 3 spell levels left.
You didn't know any spells.
Your spell library was empty.

Dungeon Overview and Level Annotations

Branches:
Dungeon (2/15)

Altars:


Innate Abilities, Weirdness & Mutations

You reflexively headbutt those who attack you in melee.
You have a pair of horns on your head.


Message History

* * * LOW HITPOINT WARNING * * *
The goblin hits you but does no damage. The goblin hits you.
* * * LOW HITPOINT WARNING * * *
You block the goblin's attack.
You sock Robin!
You kill Robin!
The goblin hits you with a +0 club.
* * * LOW HITPOINT WARNING * * *
You block the goblin's attack. x2; The goblin hits you with a +0 club.
* * * LOW HITPOINT WARNING * * *
The goblin closely misses you. You furiously retaliate!
You headbutt the goblin!
You kill the goblin!
The hobgoblin hits you.
* * * LOW HITPOINT WARNING * * *
You sock the goblin!
You kill the goblin!
You block the goblin's attack. The hobgoblin barely misses you.
The goblin hits you with a cursed -2 club.
You die...

##.####### ###
#.##....#
#.####.##....#
#.......+....+
#..####.#....# #
#..####......# ##.#
#<.....g..†..###....#
#####.##.##)##g......
...##.#.gg@r......
### #..#.##)#.####
.....g# .# #......#
.. #....g.# ...
####+#.# .#.# ..#
.#.. .####


You could see a quokka, a hobgoblin and 2 goblins.

Vanquished Creatures
  A hound (D:2)
  Robin (D:2)
  A gnoll (D:1)
  An adder (D:2)
  2 dart slugs (D:1)
  2 bats (D:1)
  A giant cockroach (D:1)
  11 goblins
  7 hobgoblins
  A ball python (D:1)
  3 frilled lizards (D:1)
  3 kobolds (D:1)
  2 rats (D:1)
36 creatures vanquished.

Notes
Turn   | Place    | Note
-------+----------+-------------------------------------------
     0 | D:1      | FishyPogo the Minotaur Fighter began the quest for the Orb.
     0 | D:1      | Reached XP level 1. HP: 19/19 MP: 0/0
   159 | D:1      | Reached XP level 2. HP: 27/27 MP: 1/1
   282 | D:1      | Reached XP level 3. HP: 28/33 MP: 2/2
   499 | D:2      | Noticed Robin
   504 | D:2      | Reached XP level 4. HP: 38/41 MP: 3/3
   520 | D:2      | Killed Robin
   520 | D:2      | HP: 1/41 [hobgoblin[Robin] (2)]
   521 | D:2      | Slain by a goblin

Levels and vault maps discovered:
D:1:      shiori_shiawase, layout_basic
D:2:      layout_basic, lemuel_crystal_altar, chequers_ecumenical_altar_simple,
          kennysheep_generic_room_16, uniq_robin

Skill      XL: |  1  2  3 |
---------------+----------+-----
Fighting       | 4 |  4.7
Shields        | 4 |  4.8
Maces & Flails | 3 |  3.1
Armour         | 4 |  4.1

Action                   |  1- 3 |  4- 6 || total
-------------------------+-------+-------++-------
Melee: Flail             |    49 |    11 ||    60
       Headbutt          |    15 |     5 ||    20
Armor: Scale mail        |    15 |     4 ||    19
Dodge: Dodged            |    20 |     5 ||    25
Block: Shield            |    16 |     5 ||    21
